 Dungeon Crawl Stone Soup version 0.21-a0-450-gd87a9b2 (webtiles) character file.

126 mortelune the Skirmisher (level 5, 0/34 HPs)
             Began as a Gargoyle Fighter on Nov 18, 2017.
             Killed by divine providence
             ... invoked by an orc priest
              (15 damage)
             ... on level 3 of the Dungeon.
             The game lasted 00:07:43 (2352 turns).

mortelune the Skirmisher (Gargoyle Fighter)         Turns: 2352, Time: 00:07:44

Health: 0/34       AC: 13    Str: 20    XL:     5   Next: 9%
Magic:  5/5        EV:  6    Int:  9    God:
Gold:   132        SH:  8    Dex:  9    Spells: 3/4 levels left

rFire    . . .     SeeInvis .   a - +0 flail
rCold    . . .     Gourm    .   c - +0 shield
rNeg     + + .     Faith    .   b - +0 scale mail
rPois    ∞         Spirit   .   (no helmet)
rElec    +         Reflect  .   r - +2 cloak
rCorr    .         Harm     .   (no gloves)
MR       .....                  (no boots)
Stlth    ..........             (no amulet)
HPRegen  0.11/turn              e - ring of positive energy
MPRegen  0.09/turn              (no ring)

@: heavily drained
A: negative energy resistance 1, electricity resistance, unbreathing,
petrification resistance, rot immunity, AC +4
a: no special abilities


You were on level 3 of the Dungeon.
You were very hungry.

You visited 1 branch of the dungeon, and saw 3 of its levels.

You collected 132 gold pieces.

Inventory:

Hand Weapons
 a - a +0 flail (weapon)
Armour
 b - a +0 scale mail (worn)
 c - a +0 shield (worn)
 r - a +2 cloak (worn)
Jewellery
 e - a ring of positive energy (left hand)
Scrolls
 h - 2 scrolls of magic mapping {unknown}
 n - a scroll of remove curse {unknown}
 u - a scroll of teleportation {unknown}
Potions
 d - a potion of might
 i - a potion of berserk rage {unknown}
 k - a potion of curing {unknown}
 m - a potion of degeneration
 o - 2 potions of magic
 p - 2 potions of lignification
 q - a potion of agility {unknown}
Books
 s - a book of Conjurations

   Spells                             Type                      Level
   a - Magic Dart                     Conjuration                  1
   b - Searing Ray                    Conjuration                  2
   c - Dazzling Spray                 Conjuration/Hexes            3
   d - Fulminant Prism                Conjuration/Hexes            4
   e - Force Lance                    Conjuration/Translocation    4
   f - Iskenderun's Mystic Blast      Conjuration                  4
Comestibles
 f - 3 bread rations
 g - 3 fruits


   Skills:
 + Level 4.9(3.2) Fighting
 + Level 3.8(2.1) Maces & Flails
 - Level 3.2(1.6) Armour
 - Level 3.2(1.6) Shields


You had 3 spell levels left.
You knew the following spells:

 Your Spells              Type           Power        Failure   Level  Hunger
a - Magic Dart            Conj           #...         100%        1    ##.....


Dungeon Overview and Level Annotations

Branches:
Dungeon (3/15)

Altars:
Uskayaw


Innate Abilities, Weirdness & Mutations

You are resistant to torment.
Your stone body is resilient. (AC +4)
You are immune to poison.
You resist negative energy. (rN+)
You are resistant to electric shocks. (rElec)
You can survive without breathing.
You are immune to petrification.
You are immune to rotting.


Message History

The orc priest casts a cantrip, but nothing happens.
The orc hits you but does no damage.
Things that are here:
a mace; a ring mail You closely miss the orc.
You block the orc's attack.
You sock the orc!
You kill the orc!
The orc priest hits you.
You hit the orc priest but do no damage.
You block the orc priest's attack.
You hit the orc priest.
The orc priest is moderately wounded.
The orc priest looks encouraged for a moment.
The orc priest invokes the aid of Beogh against you.
Beogh smites you!
You barely miss the orc priest.
The orc priest is moderately wounded.
The orc priest calls down the wrath of Beogh upon you.
Beogh smites you!
You die...

#.# #.# #.# #"# ########
#.######## ##.##...#
#.#......#
##.#.#...###.....##.#
##.###......#...#.##.# #.##
##.....(@..#.##.#####
##)###......o............#
##.#.#......<....##.###.#
####.##...###........###.###
#........## #..##.##.......#
#.##.###.# #.....##.###.#.#
#.##.# #.# ##+######.# #.#
#.##.###.###...## #.###.#
#.##..##.##.....## #.##..# #


You could see an orc priest.

Vanquished Creatures
  A howler monkey skeleton (D:3)
  2 adders
  An ooze (D:3)
  3 worms
  A dart slug (D:1)
  A leopard gecko (D:2)
  8 orcs (D:3)
  5 goblins
  13 hobgoblins
  8 jackals
  A quokka (D:3)
  A ball python (D:3)
  9 bats
  2 frilled lizards
  6 kobolds
  10 rats
72 creatures vanquished.

Notes
Turn   | Place    | Note
-------+----------+-------------------------------------------
     0 | D:1      | mortelune the Gargoyle Fighter began the quest for the Orb.
     0 | D:1      | Reached XP level 1. HP: 14/14 MP: 1/1
   212 | D:1      | Reached XP level 2. HP: 17/19 MP: 2/2
   463 | D:1      | Reached XP level 3. HP: 24/24 MP: 3/3
   477 | D:1      | Reached skill level 4 in Fighting
   865 | D:2      | Found a hide-covered altar of Uskayaw.
  1101 | D:2      | Reached XP level 4. HP: 30/30 MP: 4/4
  1634 | D:3      | Learned a level 1 spell: Magic Dart
  1988 | D:3      | HP: 1/30 [orc priest/divine providence (14)]
  2317 | D:3      | Reached XP level 5. HP: 33/34 MP: 5/5
  2352 | D:3      | Killed from afar by an orc priest

Vault maps used:
D:1:      sevenhm_arrival_forest_fort_small_4, minmay_box_of_dots
D:2:      lemuel_round_altar
D:3:      first_bread, hangedman_abyss_or_decor_stabs

Skill      XL: |  1  2  3 |
---------------+----------+-----
Fighting       | 4 |  4.9
Maces & Flails | 3 |  3.8
Armour         | |  3.2
Shields        | |  3.2

Action                   |  1- 3 |  4- 6 || total
-------------------------+-------+-------++-------
Melee: Flail             |   153 |   148 ||   301
  Use: Scroll            |       |     4 ||     4
       Potion            |       |     1 ||     1
  Eat: Chunk             |       |     4 ||     4
Armor: Scale mail        |    83 |   105 ||   188
Dodge: Dodged            |    44 |    55 ||    99
Block: Shield            |    84 |    86 ||   170

Table legend:
 A = Spawn XP
 B = Non-spawn XP
 C = Spawn XP percentage of total XP
 D = Spawn monster count
 E = Non-spawn monster count
 F = Spawn count percentage of total count
 G = Total turns spent on level
                    A         B        C        D         E        F      G
               +---------+---------+-------+---------+---------+-------+---------
         Total |       0 |     180 |   0.0 |       0 |      72 |   0.0 |  2352
               +---------+---------+-------+---------+---------+-------+---------
           D:1 |       0 |      44 |   0.0 |       0 |      25 |   0.0 |   616
           D:2 |       0 |      46 |   0.0 |       0 |      17 |   0.0 |   979
           D:3 |       0 |      90 |   0.0 |       0 |      30 |   0.0 |   757
               +---------+---------+-------+---------+---------+-------+---------
